Map: Ruins of Endion

Players

IIIIIIIIIIII

  • Race: Terran Terran
  • League: Grandmaster

Miszu - Winner!

  • Race: Terran Terran
  • League: Master

VOD

Have the link to the VOD?

Description

Time

  • Played on: July 4, 2016, 4:24 p.m.
  • Length: 7:53
Show
View Real Time Build Order
Export as new Build Order

IIIIIIIIIIII Terran 

Build Orders: 1/1/1, Liberator Opening 

Get SALT Encoding   

  12  0:01  SCV  
  13  0:13  SCV  
  14  0:18  Supply Depot  
  14  0:25  SCV  
  15  0:40  Barracks  
  15  0:44  SCV  
  15  0:47  Refinery  
  16  0:56  SCV  
  17  0:58  Refinery  
  17  1:08  SCV  
  18  1:27  Marine  
  18  1:29  Orbital Command  
  19  1:37  Factory  
  19  1:45  Marine  
  20  1:54  Supply Depot, SCV  
  21  2:03  Marine  
  21  2:06  SCV  
  23  2:21  Factory Tech Lab  
  23  2:22  Starport  
  23  2:24  Barracks Reactor  
  23  2:25  SCV  
  24  2:33  Supply Depot  
  24  2:43  Liberator  
  24  2:44  Siege Tank  
  24  3:03  Marine x2  
  17  3:35  Marine x2  
  19  3:48  SCV  
  20  4:00  SCV  
  21  4:05  Marine x2  
  23  4:13  SCV  
  24  4:20  Siege Tank  
  27  4:25  SCV  
  28  4:34  Marine x2  
  32  4:46  Medivac  
  32  4:49  SCV  
  33  4:55  Marine x2  
  35  5:06  Siege Tank  
  35  5:15  Marine x2  
  35  5:18  SCV  
  38  5:21  Liberator  
  41  5:49  Marine x2  
  42  6:06  Marine x2  
  44  6:12  Siege Tank  
  47  6:28  Supply Depot  
  47  6:50  Marine  
  48  6:55  Siege Tank  
  48  6:57  Viking  
  53  7:10  Marine x2  
  43  7:27  Marine  
Show
View Real Time Build Order
Export as new Build Order

Miszu Terran - Winner!

Build Orders:  

Get SALT Encoding   

  12  0:00  SCV  
  13  0:13  SCV  
  14  0:18  Supply Depot  
  14  0:25  SCV  
  15  0:40  SCV  
  15  0:41  Barracks  
  16  0:44  Refinery  
  16  0:52  SCV  
  17  1:03  Barracks  
  17  1:04  SCV  
  18  1:16  SCV  
  19  1:30  Reaper, Orbital Command  
  19  1:32  Supply Depot  
  20  1:51  Reaper  
  21  1:57  SCV  
  22  2:05  Reaper  
  23  2:09  SCV  
  23  2:13  Command Center  
  24  2:19  Supply Depot  
  24  2:22  SCV  
  25  2:24  Reaper  
  26  2:34  SCV  
  26  2:36  Refinery  
  27  2:41  Reaper  
  28  2:46  SCV  
  29  2:58  SCV  
  31  3:10  SCV  
  31  3:16  Factory  
  31  3:19  Barracks  
  31  3:23  SCV  
  28  3:36  Barracks Reactor  
  28  3:38  Barracks Tech Lab, SCV  
  28  3:41  Orbital Command  
  29  3:50  SCV  
  29  3:55  Bunker  
  30  3:58  Supply Depot, Marauder, Stimpack  
  30  4:01  Factory Tech Lab  
  32  4:05  SCV  
  32  4:06  SCV  
  32  4:09  Marine  
  34  4:12  Marine x2  
  35  4:19  Marine  
  35  4:25  SCV  
  35  4:26  Marine  
  35  4:29  Marine  
  38  4:33  Marine  
  39  4:43  Marine  
  39  4:44  Marine  
  39  4:47  SCV  
  39  4:48  SCV  
  39  4:52  Marine x2  
  43  4:59  SCV  
  44  5:00  SCV  
  44  5:01  Marine  
  44  5:02  Marine  
  46  5:12  SCV x2  
  46  5:14  Refinery  
  46  5:16  Marine x2  
  46  5:17  Siege Tank  
  46  5:20  Starport  
  51  5:24  SCV x2  
  51  5:27  Supply Depot  
  53  5:30  Engineering Bay  
  53  5:31  Marine  
  53  5:34  Marine  
  55  5:36  SCV  
  55  5:37  Marine  
  55  5:38  Marine  
  55  5:40  SCV  
  59  5:48  SCV  
  60  5:52  SCV  
  61  5:58  Marine  
  61  5:59  Marine, Medivac, Siege Tank  
  61  6:00  SCV  
  69  6:04  SCV  
  69  6:06  Supply Depot  
  69  6:09  Supply Depot  
  70  6:21  Barracks Reactor  
  70  6:26  Barracks Reactor  
  70  6:28  SCV x2  
  70  6:29  Supply Depot  
  72  6:38  Supply Depot  
  72  6:40  SCV x2  
  74  6:50  Viking x2  
  74  6:52  SCV x2  
  78  6:59  Marine x3  
  78  7:00  Siege Tank  
  84  7:01  Supply Depot  
  84  7:03  Supply Depot  
  84  7:04  Supply Depot  
  84  7:05  SCV x2  
  84  7:06  Marine x2  
  78  7:17  Marine x3, SCV  
  71  7:24  Marine x2  
  77  7:34  Marine  
  74  7:45  Refinery  
Tags
 
Add a new tag
Caveats
  • Supply blocks, unpowered buildings, or Contaminate may cause inaccurate times.
  • Supply counts are checked every 10 seconds.